Sharks vs Red Wings

Created - April 10, 2019 at 19:00

Goals
1 2 3 OT1 SO T
Sharks 1 3 1 0 1 5
Red Wings 1 0 4 0 2 6
Shots
1 2 3 OT1 SO T
Sharks 11 15 7 0 5 33
Red Wings 5 1 11 0 5 17

1st period

1. Red Wings , Sean Bergenheim 25 (Ryan O'Byrne 10) at 12:11
2. Sharks , Zach Boychuk 7 (Darren Helm 7, Jiri Tlusty 10) at 15:34

Penalties :
Jason Spezza (SJS) for Holding Stick (Minor) at 6:59, Zach Boychuk (SJS) for High sticking (Minor) at 12:52

2nd period

3. Sharks , Oskar Osala 17 (Brendon Nash 4) at 11:39
4. Sharks , Darren Helm 5 (Andrej Sekera 17, T.J. Hensick 26) at 12:29
5. Sharks , Stefan Ruzicka 4 (Nate Prosser 12, Rob Schremp 17) at 18:49

Penalties :
Zach Boychuk (SJS) for Holding (Minor) at 3:45, Maxim Afinogenov (SJS) for Interference (Minor) at 13:51

3rd period

6. Red Wings , Tim Connolly 29 (Tyler Toffoli 24, Philip Samuelsson 32) at 3:55
7. Red Wings , Tim Connolly 30 (Sean Bergenheim 32, Philip Samuelsson 33) at 7:14 (PP)
8. Red Wings , Tyler Toffoli 21 (Ole-Kristian Tollefsen 35, Tim Connolly 33) at 14:11 (PP)
9. Sharks , Zach Boychuk 8 (Jiri Tlusty 11, Drew Doughty 59) at 15:48
10. Red Wings , Tim Connolly 31 (Sean Bergenheim 33, Philip Samuelsson 34) at 18:44 (PP)

Penalties :
Jason Spezza (SJS) for Holding (Minor) at 4:02, Bobby Butler (SJS) for Hooking (Minor) at 6:19, Jason Spezza (SJS) for Hooking (Minor) at 6:37, T.J. Hensick (SJS) for Hooking (Minor) at 13:38, Jordan LaVallee (SJS) for Hooking (Minor) at 18:36

Overtime #1

No Goal

Penalties :
No Penalty

Shootout

Sharks, Jason Spezza - Shot Misses the Net
Red Wings, Carson Mcmillan - Stopped by Ryan Miller
Sharks, Rob Schremp - Stopped by James Reimer
Red Wings, Tyler Seguin - Goal!
Sharks, Oskar Osala - Goal!
Red Wings, Tim Connolly - Stopped by Ryan Miller
Sharks, Milan Michalek - Stopped by James Reimer
Red Wings, Sean Bergenheim - Stopped by Ryan Miller
Sharks, T.J. Hensick - Shot Misses the Net
Red Wings, Ales Hemsky - Goal!

Penalties :
No Penalty

Goalie Stats

Ryan Miller (SJS), 12 saves from 17 shots - (0.706), OTL, 28-26-6, 65:00 minutes
James Reimer (Det), 28 saves from 33 shots - (0.848), W, 18-11-7, 64:54 minutes

Players Stats for Sharks

Player Name              G  A  P  +/- PIM S  H  SB GA TA FO     MP     PP MP  PK MP  
------------------------------------------------------------------------------------
Adam Larsson             0  0  0   2  0   1  1  0  0  1  0/0    14:07   0:00   0:10 
Andrej Sekera            0  1  1   2  0   2  2  2  0  1  0/0    26:36   0:00   8:20 
Ben Lovejoy              0  0  0  -1  0   1  0  0  1  0  0/0    25:08   0:00   4:33 
Bobby Butler             0  0  0   0  2   1  1  1  0  0  1/1    12:52   0:00   0:00 
Brendon Nash             0  1  1   2  0   0  1  0  0  0  0/0    13:16   0:00   0:00 
Darren Helm              1  1  2   2  0   1  0  1  1  0  0/7    14:55   0:00   2:19 
Drew Doughty             0  1  1   0  0   5  3  2  1  1  0/0    28:15   0:00   8:10 
Jason Spezza             0  0  0   0  6   3  2  0  1  0  15/29  20:50   0:00   3:15 
Jiri Tlusty              0  2  2   2  0   1  2  0  1  0  0/0    11:23   0:00   0:00 
Jordan LaVallee          0  0  0   1  2   1  0  0  0  0  0/0     9:48   0:00   2:57 
Maxim Afinogenov         0  0  0   0  2   2  0  0  0  0  0/1    16:32   0:00   0:00 
Milan Michalek           0  0  0   0  0   3  2  0  1  1  2/2    23:31   0:00   6:33 
Nate Prosser             0  1  1   1  0   2  2  0  0  1  0/0    22:38   0:00   4:33 
Oskar Osala              1  0  1   0  0   2  0  0  2  0  1/1    16:31   0:00   2:46 
Rob Schremp              0  1  1   1  0   1  0  0  0  0  3/4     8:34   0:00   0:37 
Stefan Ruzicka           1  0  1   1  0   3  0  0  0  0  1/4    11:52   0:00   4:07 
T.J. Hensick             0  1  1   0  2   1  2  0  2  0  2/9    17:39   0:00   2:34 
Zach Boychuk             2  0  2   2  4   3  2  2  0  0  0/1    11:54   0:00   0:00 

Players Stats for Red Wings

Player Name              G  A  P  +/- PIM S  H  SB GA TA FO     MP     PP MP  PK MP  
------------------------------------------------------------------------------------
Adam Henrique            0  0  0   0  0   3  2  0  0  1  0/2    24:48   6:29   0:00 
Ales Hemsky              0  0  0   0  0   1  1  0  0  0  1/3    22:50   6:34   0:00 
Anton Volchenkov         0  0  0  -2  0   1  0  1  0  0  0/0    10:18   0:00   0:00 
Brent Seabrook           0  0  0   0  0   0  1  5  0  2  0/0    24:37   5:03   0:00 
Carson Mcmillan          0  0  0  -2  0   0  0  0  0  0  0/0     5:54   0:00   0:00 
Chris Kelly              0  0  0  -4  0   0  2  2  0  1  5/8    15:56   0:55   0:00 
Jiri Fischer             0  0  0  -3  0   0  0  0  0  0  0/0    14:24   0:00   0:00 
Jiri Hudler              0  0  0  -3  0   0  2  0  0  0  0/0    10:51   0:27   0:00 
Lubomir Visnovsky        0  0  0  -1  0   0  0  1  0  0  0/0     4:06   0:00   0:00 
Michael Haley            0  0  0  -2  0   0  1  0  0  0  0/0     6:27   0:00   0:00 
Oleg Saprykin            0  0  0  -3  0   0  0  0  0  0  1/1    12:14   0:21   0:00 
Ole-Kristian Tollefsen   0  1  1   0  0   1  2  3  1  2  0/0    26:02   7:50   0:00 
Philip Samuelsson        0  3  3   0  0   1  0  2  0  2  0/0    26:02   7:50   0:00 
Ryan O'Byrne             0  1  1   0  0   1  2  4  0  1  0/0    24:34   5:03   0:00 
Sean Bergenheim          1  2  3   2  0   3  0  0  0  1  1/2    20:48   5:42   0:00 
Tim Connolly             3  1  4   2  0   5  1  0  1  0  13/22  22:53   5:52   0:00 
Tyler Seguin             0  0  0  -1  0   0  2  0  1  0  12/20  25:21   6:30   0:00 
Tyler Toffoli            1  1  2   2  0   1  1  0  2  0  1/1    21:55   5:49   0:00 

3 Stars

1 - Tim Connolly (Det)
2 - Sean Bergenheim (Det)
3 - Tyler Toffoli (Det)

Power Play

Sharks - 0 on 0 Attempt(s) - 0.00%
Red Wings - 3 on 9 Attempt(s) - 33.33%

Penalty Kill

Sharks - 6 on 9 Attempt(s) - 66.67% - Score 0 goal in Penalty Kill
Red Wings - 0 on 0 Attempt(s) - 0.00% - Score 0 goal in Penalty Kill

Team Stat

Sharks - Hits : 20 - Faceoff Wins : 25 - Blocked Shots : 8 - Penalty Minutes : 18
Red Wings - Hits : 17 - Faceoff Wins : 34 - Blocked Shots : 18 - Penalty Minutes : 0

Official

Referees : Unknown
Linesman : Unknown

Game Notes

Tim Connolly has scored a Hat Trick!

Finance

Level 1 -- Attendance: 6000 (100.00%) -- Ticket Income $522,000
Level 2 -- Attendance: 5000 (100.00%) -- Ticket Income $280,000
Level 3 -- Attendance: 1665 (83.25%) -- Ticket Income $63,270
Level 4 -- Attendance: 3253 (81.33%) -- Ticket Income $91,084
Luxury Box -- Attendance: 986 (98.60%) -- Ticket Income $162,690
Game was played at the Joe Louis Arena.
Total Attendance: 16904 (93.91%)
Total Ticket Income: $1,119,044
Other Income: $167,857
Total Income: $1,286,901

Sharks

5 vs 5 Forward 
   Center                   Left Wing                Right Wing               Time % Phy DF OF 
 1 Jason Spezza             Milan Michalek           Maxim Afinogenov         40     1   1  3  
 2 T.J. Hensick             Bobby Butler             Oskar Osala              30     1   2  2  
 3 Darren Helm              Zach Boychuk             Jiri Tlusty              20     1   2  2  
 4 Rob Schremp              Jordan LaVallee          Stefan Ruzicka           10     1   2  2  

5 vs 5 Defense 
   Defense                  Defense                                           Time % Phy DF OF 
 1 Drew Doughty             Ben Lovejoy                                       40     1   2  2  
 2 Andrej Sekera            Nate Prosser                                      30     1   2  2  
 3 Brendon Nash             Adam Larsson                                      20     1   2  2  
 4 Drew Doughty             Ben Lovejoy                                       10     1   2  2  

PowerPlay Forward 
   Center                   Left Wing                Right Wing               Time % Phy DF OF 
 1 Jason Spezza             Milan Michalek           Maxim Afinogenov         60     1   1  3  
 2 T.J. Hensick             Bobby Butler             Jiri Tlusty              40     1   1  3  

PowerPlay Defense
   Defense                  Defense                                           Time % Phy DF OF 
 1 Drew Doughty             Ben Lovejoy                                       60     1   2  2  
 2 Andrej Sekera            Nate Prosser                                      40     1   2  2  

Penalty Kill 4 Players Forward 
   Center                   Wing                     Time % Phy DF OF 
 1 Jason Spezza             Milan Michalek           60     1   4  0  
 2 T.J. Hensick             Oskar Osala              40     1   4  0  

Penalty Kill 4 Players Defense
   Defense                  Defense                  Time % Phy DF OF 
 1 Drew Doughty             Andrej Sekera            60     1   4  0  
 2 Ben Lovejoy              Nate Prosser             40     1   4  0  

Penalty Kill - 3 Players Forward 
   Forward                                           Time % Phy DF OF 
 1 Rob Schremp                                       60     1   4  0  
 2 Milan Michalek                                    40     1   4  0  

Penalty Kill - 3 Players Defense
   Defense                  Defense                  Time % Phy DF OF 
 1 Drew Doughty             Andrej Sekera            60     1   4  0  
 2 Ben Lovejoy              Nate Prosser             40     1   4  0  

4 vs 4 Forward 
   Center                   Wing                     Time % Phy DF OF 
 1 Jason Spezza             Milan Michalek           60     1   2  2  
 2 Maxim Afinogenov         T.J. Hensick             40     1   2  2  

4 vs 4 Defense
   Defense                  Defense                  Time % Phy DF OF 
 1 Drew Doughty             Andrej Sekera            60     1   2  2  
 2 Ben Lovejoy              Nate Prosser             40     1   2  2  

Last Minutes Offensive
   Center                   Left Wing                Right Wing               Defense                  Defense                  
   Jason Spezza             Milan Michalek           Maxim Afinogenov         Drew Doughty             Ben Lovejoy              

Last Minutes Defensive
   Center                   Left Wing                Right Wing               Defense                  Defense                  
   Jason Spezza             Milan Michalek           Maxim Afinogenov         Drew Doughty             Andrej Sekera            

Goaltenders
Starting : Ryan Miller              
Backup : Brent Krahn              

Extra Forwards
Normal : Darren Helm, Rob Schremp, Stefan Ruzicka - PP : Oskar Osala, Rob Schremp - PK : Stefan Ruzicka
Extra Defensemen
Normal : Brendon Nash, Adam Larsson, Nate Prosser - PP : Brendon Nash - PK : Adam Larsson, Brendon Nash
Penalty Shots
Jason Spezza, Rob Schremp, Oskar Osala, Milan Michalek, T.J. Hensick

Scratches
Mark Giordano (Healthy), Maxim Kondratiev (Healthy), Nikolai Kulemin (Healthy), Andrew MacDonald (Healthy)

Red Wings

5 vs 5 Forward 
   Center                   Left Wing                Right Wing               Time % Phy DF OF 
 1 Tim Connolly             Sean Bergenheim          Tyler Toffoli            38     0   2  3  
 2 Tyler Seguin             Adam Henrique            Ales Hemsky              37     0   2  3  
 3 Chris Kelly              Oleg Saprykin            Jiri Hudler              17     0   3  2  
 4 Chris Kelly              Michael Haley            Carson Mcmillan          8      1   2  2  

5 vs 5 Defense 
   Defense                  Defense                                           Time % Phy DF OF 
 1 Brent Seabrook           Ryan O'Byrne                                      35     0   3  2  
 2 Ole-Kristian Tollefsen   Philip Samuelsson                                 35     0   3  2  
 3 Anton Volchenkov         Jiri Fischer                                      20     0   3  2  
 4 Lubomir Visnovsky        Jiri Fischer                                      10     0   3  2  

PowerPlay Forward 
   Center                   Left Wing                Right Wing               Time % Phy DF OF 
 1 Tyler Seguin             Adam Henrique            Ales Hemsky              55     0   1  4  
 2 Tim Connolly             Sean Bergenheim          Tyler Toffoli            45     0   1  4  

PowerPlay Defense
   Defense                  Defense                                           Time % Phy DF OF 
 1 Philip Samuelsson        Ole-Kristian Tollefsen                            60     0   2  3  
 2 Ryan O'Byrne             Brent Seabrook                                    40     0   2  3  

Penalty Kill 4 Players Forward 
   Center                   Wing                     Time % Phy DF OF 
 1 Oleg Saprykin            Sean Bergenheim          50     1   2  2  
 2 Chris Kelly              Carson Mcmillan          50     1   2  2  

Penalty Kill 4 Players Defense
   Defense                  Defense                  Time % Phy DF OF 
 1 Lubomir Visnovsky        Anton Volchenkov         50     1   2  2  
 2 Jiri Fischer             Ryan O'Byrne             50     1   2  2  

Penalty Kill - 3 Players Forward 
   Forward                                           Time % Phy DF OF 
 1 Carson Mcmillan                                   60     1   2  2  
 2 Oleg Saprykin                                     40     1   2  2  

Penalty Kill - 3 Players Defense
   Defense                  Defense                  Time % Phy DF OF 
 1 Lubomir Visnovsky        Anton Volchenkov         50     1   2  2  
 2 Jiri Fischer             Ryan O'Byrne             50     1   2  2  

4 vs 4 Forward 
   Center                   Wing                     Time % Phy DF OF 
 1 Tyler Seguin             Adam Henrique            60     1   2  2  
 2 Tim Connolly             Tyler Toffoli            40     1   2  2  

4 vs 4 Defense
   Defense                  Defense                  Time % Phy DF OF 
 1 Ryan O'Byrne             Brent Seabrook           60     1   2  2  
 2 Ole-Kristian Tollefsen   Philip Samuelsson        40     1   2  2  

Last Minutes Offensive
   Center                   Left Wing                Right Wing               Defense                  Defense                  
   Tyler Seguin             Adam Henrique            Tim Connolly             Ole-Kristian Tollefsen   Philip Samuelsson        

Last Minutes Defensive
   Center                   Left Wing                Right Wing               Defense                  Defense                  
   Chris Kelly              Sean Bergenheim          Carson Mcmillan          Ryan O'Byrne             Lubomir Visnovsky        

Goaltenders
Starting : James Reimer             
Backup : Josh Harding             

Extra Forwards
Normal : Adam Henrique, Tyler Seguin, Chris Kelly - PP : Chris Kelly, Ales Hemsky - PK : Michael Haley
Extra Defensemen
Normal : Brent Seabrook, Philip Samuelsson, Ryan O'Byrne - PP : Ryan O'Byrne - PK : Philip Samuelsson, Ole-Kristian Tollefsen
Penalty Shots
Carson Mcmillan, Tyler Seguin, Tim Connolly, Sean Bergenheim, Ales Hemsky

Scratches
Alex Picard (Broken Ribs Injury), Shawn Horcoff (Healthy)

% Time on Ice - Sharks

Lines # - Real PCT - Wanted PCT - Time Play
Normal Forward
1 - 33% - 40% - 15:34
2 - 29% - 30% - 13:45
3 - 24% - 20% - 11:23
4 - 14% - 10% - 6:25
Normal Defense
1 - 41% - 40% - 19:31
2 - 29% - 30% - 13:49
3 - 26% - 20% - 12:15
4 - 3% - 10% - 1:32
PP Forward
1 - 0% - 60%
2 - 0% - 40%
PP Defense
1 - 0% - 60%
2 - 0% - 40%
PK Forward
1 - 77% - 60% - 9:30
2 - 23% - 40% - 2:46
PK Defense
1 - 63% - 60% - 7:43
2 - 37% - 40% - 4:33
PK3 Forward
1 - 100% - 60% - 0:37
2 - 0% - 40% - 0:00
PK3 Defense
1 - 100% - 60% - 0:37
2 - 0% - 40% - 0:00
44 Forward
1 - 73% - 60% - 3:39
2 - 27% - 40% - 1:21
44 Defense
1 - 43% - 60% - 2:08
2 - 57% - 40% - 2:52
Last Minute Offensive  - 0:00
Last Minute Defensive  - 0:00
Total
Forward - 65:00
Defense - 65:00

% Time on Ice - Red Wings

Lines # - Real PCT - Wanted PCT - Time Play
Normal Forward
1 - 33% - 38% - 15:21
2 - 33% - 37% - 15:47
3 - 21% - 17% - 10:05
4 - 13% - 8% - 5:54
Normal Defense
1 - 36% - 35% - 17:06
2 - 35% - 35% - 16:33
3 - 20% - 20% - 9:22
4 - 9% - 10% - 4:06
PP Forward
1 - 54% - 55% - 7:01
2 - 46% - 45% - 5:52
PP Defense
1 - 61% - 60% - 7:50
2 - 39% - 40% - 5:03
PK Forward
1 - 0% - 50%
2 - 0% - 50%
PK Defense
1 - 0% - 50%
2 - 0% - 50%
PK3 Forward
1 - 0% - 60%
2 - 0% - 40%
PK3 Defense
1 - 0% - 50%
2 - 0% - 50%
44 Forward
1 - 80% - 60% - 4:00
2 - 20% - 40% - 1:00
44 Defense
1 - 62% - 60% - 3:05
2 - 38% - 40% - 1:55
Last Minute Offensive  - 0:00
Last Minute Defensive  - 0:00
Total
Forward - 65:00
Defense - 65:00

Play-by-Play

1st period


0:01 of 1st period - Jason Spezza wins face-off versus Tim Connolly in neutral zone.
0:23 of 1st period - Icing by Ben Lovejoy.
0:24 of 1st period - Tyler Seguin wins face-off versus T.J. Hensick in Sharks zone.
0:49 of 1st period - Andrej Sekera is hit by Ole-Kristian Tollefsen and loses puck.
1:13 of 1st period - Wrist shot by Jiri Tlusty.
1:13 of 1st period - Shot Misses the Net.
1:19 of 1st period - Wrist shot by Tim Connolly.
1:19 of 1st period - Stopped by Ryan Miller without a rebound.
1:20 of 1st period - Tyler Seguin wins face-off versus Jason Spezza in Sharks zone.
1:21 of 1st period - Slapshot by Adam Henrique.
1:21 of 1st period - Stopped by Ryan Miller with a rebound.
1:23 of 1st period - Slapshot by Lubomir Visnovsky.
1:23 of 1st period - Shot Blocked by Andrej Sekera.
1:52 of 1st period - Off-side.
1:53 of 1st period - Bobby Butler wins face-off versus Tim Connolly in neutral zone.
1:57 of 1st period - Slapshot by Drew Doughty.
1:57 of 1st period - Stopped by James Reimer without a rebound.
1:58 of 1st period - T.J. Hensick wins face-off versus Sean Bergenheim in Red Wings zone.
2:34 of 1st period - Slapshot by Jordan LaVallee.
2:34 of 1st period - Shot Misses the Net.
3:22 of 1st period - Wrist shot by Oskar Osala.
3:22 of 1st period - Shot Misses the Net.
3:29 of 1st period - Off-side.
3:30 of 1st period - Jason Spezza wins face-off versus Ales Hemsky in neutral zone.
3:33 of 1st period - Philip Samuelsson is hit by Jason Spezza and loses puck.
4:17 of 1st period - Wrist shot by Rob Schremp.
4:17 of 1st period - Shot Misses the Net.
5:25 of 1st period - Snap shot by Oskar Osala.
5:25 of 1st period - Shot Blocked by Brent Seabrook.
5:27 of 1st period - Snap shot by Oskar Osala.
5:27 of 1st period - Stopped by James Reimer with a rebound.
5:39 of 1st period - Slapshot by Jiri Tlusty.
5:39 of 1st period - Shot Blocked by Chris Kelly.
5:46 of 1st period - Off-side.
5:47 of 1st period - Jason Spezza wins face-off versus Ales Hemsky in neutral zone.
5:55 of 1st period - Off-side.
5:56 of 1st period - Tyler Seguin wins face-off versus Jason Spezza in neutral zone.
6:05 of 1st period - Snap shot by Jason Spezza.
6:05 of 1st period - Shot Misses the Net.
6:07 of 1st period - Snap shot by Maxim Afinogenov.
6:07 of 1st period - Shot Misses the Net.
6:09 of 1st period - Snap shot by Maxim Afinogenov.
6:09 of 1st period - Stopped by James Reimer with a rebound.
6:11 of 1st period - Slapshot by Drew Doughty.
6:11 of 1st period - Shot Blocked by Lubomir Visnovsky.
6:13 of 1st period - Slapshot by Drew Doughty.
6:13 of 1st period - Stopped by James Reimer with a rebound.
6:15 of 1st period - Slapshot by Drew Doughty.
6:15 of 1st period - Stopped by James Reimer without a rebound.
6:16 of 1st period - Tim Connolly wins face-off versus T.J. Hensick in Red Wings zone.
6:16 of 1st period - Tim Connolly is hit by T.J. Hensick.
6:59 of 1st period - Minor Penalty to Jason Spezza for Holding Stick.
7:00 of 1st period - Tyler Seguin wins face-off versus Stefan Ruzicka in Sharks zone.
8:49 of 1st period - Andrej Sekera is hit by Tim Connolly and loses puck.
8:59 of 1st period - Penalty to Jason Spezza is over, Jason Spezza is back on ice.
9:00 of 1st period - Drew Doughty is hit by Jiri Hudler and loses puck.
9:05 of 1st period - Slapshot by Chris Kelly.
9:05 of 1st period - Shot Misses the Net.
9:07 of 1st period - Slapshot by Jiri Fischer.
9:07 of 1st period - Shot Misses the Net.
9:11 of 1st period - Snap shot by Chris Kelly.
9:11 of 1st period - Shot Misses the Net.
9:32 of 1st period - Drew Doughty is hit by Chris Kelly and loses puck.
9:53 of 1st period - Slapshot by Drew Doughty.
9:53 of 1st period - Stopped by James Reimer with a rebound.
9:55 of 1st period - Wrist shot by Andrej Sekera.
9:55 of 1st period - Shot Blocked by Philip Samuelsson.
10:42 of 1st period - Icing by Tim Connolly.
10:43 of 1st period - Tim Connolly wins face-off versus Jason Spezza in Red Wings zone.
11:59 of 1st period - Snap shot by Jordan LaVallee.
11:59 of 1st period - Stopped by James Reimer without a rebound.
12:00 of 1st period - Tim Connolly wins face-off versus T.J. Hensick in Red Wings zone.
12:09 of 1st period - Backhand shot by Sean Bergenheim.
12:09 of 1st period - Shot Blocked by Bobby Butler.
12:11 of 1st period - Snap shot by Sean Bergenheim.
12:11 of 1st period - Goal by Sean Bergenheim - Sharks : 0 - Red Wings : 1.
12:12 of 1st period - Jason Spezza wins face-off versus Tim Connolly in neutral zone.
12:15 of 1st period - Wrist shot by Milan Michalek.
12:15 of 1st period - Stopped by James Reimer with a rebound.
12:17 of 1st period - Snap shot by Milan Michalek.
12:17 of 1st period - Shot Misses the Net.
12:37 of 1st period - Andrej Sekera is hit by Tyler Seguin and loses puck.
12:52 of 1st period - Minor Penalty to Zach Boychuk for High sticking.
12:53 of 1st period - Tyler Seguin wins face-off versus Jason Spezza in Sharks zone.
14:52 of 1st period - Penalty to Zach Boychuk is over, Zach Boychuk is back on ice.
15:07 of 1st period - Snap shot by Jiri Tlusty.
15:07 of 1st period - Stopped by James Reimer without a rebound.
15:08 of 1st period - Oleg Saprykin wins face-off versus Darren Helm in Red Wings zone.
15:08 of 1st period - Oleg Saprykin is hit by Brendon Nash.
15:30 of 1st period - Wrist shot by Jiri Tlusty.
15:30 of 1st period - Shot Blocked by Chris Kelly.
15:32 of 1st period - Snap shot by Darren Helm.
15:32 of 1st period - Shot Misses the Net.
15:34 of 1st period - Wrist shot by Zach Boychuk.
15:34 of 1st period - Goal by Zach Boychuk - Sharks : 1 - Red Wings : 1.
15:35 of 1st period - Tim Connolly wins face-off versus Jason Spezza in neutral zone.
15:42 of 1st period - Wrist shot by Tyler Toffoli.
15:42 of 1st period - Shot Misses the Net.
16:00 of 1st period - Philip Samuelsson is hit by T.J. Hensick and loses puck.
16:16 of 1st period - Icing by Philip Samuelsson.
16:17 of 1st period - Chris Kelly wins face-off versus Darren Helm in Red Wings zone.
16:44 of 1st period - Tyler Seguin is hit by Nate Prosser and loses puck.
17:58 of 1st period - Icing by Brent Seabrook.
17:59 of 1st period - Tyler Seguin wins face-off versus Darren Helm in Red Wings zone.
18:14 of 1st period - Slapshot by Ales Hemsky.
18:14 of 1st period - Stopped by Ryan Miller without a rebound.
18:15 of 1st period - Tim Connolly wins face-off versus Jason Spezza in Sharks zone.
18:16 of 1st period - Backhand shot by Sean Bergenheim.
18:16 of 1st period - Stopped by Ryan Miller with a rebound.
18:18 of 1st period - Snap shot by Tim Connolly.
18:18 of 1st period - Shot Misses the Net.
18:55 of 1st period - Ben Lovejoy is hit by Tyler Seguin and loses puck.
19:52 of 1st period - Snap shot by Milan Michalek.
19:52 of 1st period - Stopped by James Reimer without a rebound.
19:53 of 1st period - Jason Spezza wins face-off versus Chris Kelly in Red Wings zone.
19:58 of 1st period - Snap shot by Jason Spezza.
19:58 of 1st period - Shot Misses the Net.
Goals for this period are 1 for Sharks vs 1 for Red Wings.
Shots for this period are 11 for Sharks vs 5 for Red Wings.

2nd period


0:01 of 2nd period - Jason Spezza wins face-off versus Tim Connolly in neutral zone.
0:08 of 2nd period - Wrist shot by Milan Michalek.
0:08 of 2nd period - Shot Misses the Net.
0:26 of 2nd period - Snap shot by Oskar Osala.
0:26 of 2nd period - Shot Blocked by Philip Samuelsson.
0:28 of 2nd period - Snap shot by Bobby Butler.
0:28 of 2nd period - Stopped by James Reimer without a rebound.
0:29 of 2nd period - Tyler Seguin wins face-off versus T.J. Hensick in Red Wings zone.
0:29 of 2nd period - Tyler Seguin is hit by Andrej Sekera.
0:42 of 2nd period - Wrist shot by T.J. Hensick.
0:42 of 2nd period - Shot Blocked by Ryan O'Byrne.
0:44 of 2nd period - Slapshot by Nate Prosser.
0:44 of 2nd period - Stopped by James Reimer with a rebound.
0:46 of 2nd period - Slapshot by Andrej Sekera.
0:46 of 2nd period - Shot Blocked by Brent Seabrook.
0:48 of 2nd period - Slapshot by Nate Prosser.
0:48 of 2nd period - Shot Blocked by Brent Seabrook.
1:20 of 2nd period - Snap shot by Oskar Osala.
1:20 of 2nd period - Deflect By T.J. Hensick.
1:20 of 2nd period - Stopped by James Reimer with a rebound.
1:24 of 2nd period - Snap shot by Oskar Osala.
1:24 of 2nd period - Shot Blocked by Brent Seabrook.
1:26 of 2nd period - Snap shot by Bobby Butler.
1:26 of 2nd period - Shot Misses the Net.
1:28 of 2nd period - Snap shot by T.J. Hensick.
1:28 of 2nd period - Shot Misses the Net.
2:30 of 2nd period - Wrist shot by Oskar Osala.
2:30 of 2nd period - Shot Blocked by Brent Seabrook.
2:32 of 2nd period - Snap shot by Nate Prosser.
2:32 of 2nd period - Shot Blocked by Ryan O'Byrne.
2:34 of 2nd period - Slapshot by Andrej Sekera.
2:34 of 2nd period - Shot Blocked by Ryan O'Byrne.
2:36 of 2nd period - Slapshot by Nate Prosser.
2:36 of 2nd period - Stopped by James Reimer without a rebound.
2:37 of 2nd period - Tim Connolly wins face-off versus Jason Spezza in Red Wings zone.
2:48 of 2nd period - Slapshot by Drew Doughty.
2:48 of 2nd period - Shot Misses the Net.
2:50 of 2nd period - Slapshot by Ben Lovejoy.
2:50 of 2nd period - Stopped by James Reimer without a rebound.
2:51 of 2nd period - Tyler Toffoli wins face-off versus Jason Spezza in Red Wings zone.
3:23 of 2nd period - Off-side.
3:24 of 2nd period - Tim Connolly wins face-off versus Darren Helm in neutral zone.
3:45 of 2nd period - Minor Penalty to Zach Boychuk for Holding.
3:46 of 2nd period - Jason Spezza wins face-off versus Tim Connolly in Sharks zone.
5:45 of 2nd period - Penalty to Zach Boychuk is over, Zach Boychuk is back on ice.
5:58 of 2nd period - Slapshot by Drew Doughty.
5:58 of 2nd period - Deflect By Chris Kelly.
5:58 of 2nd period - Stopped by James Reimer with a rebound.
6:04 of 2nd period - T.J. Hensick is hit by Michael Haley and loses puck.
6:33 of 2nd period - Andrej Sekera is hit by Jiri Hudler.
8:45 of 2nd period - Jiri Tlusty is hit by Chris Kelly and loses puck.
9:00 of 2nd period - Tyler Seguin is hit by Nate Prosser and loses puck.
10:05 of 2nd period - Jiri Hudler is hit by Adam Larsson and loses puck.
10:20 of 2nd period - Slapshot by Jason Spezza.
10:20 of 2nd period - Stopped by James Reimer with a rebound.
10:22 of 2nd period - Slapshot by Jason Spezza.
10:22 of 2nd period - Stopped by James Reimer without a rebound.
10:23 of 2nd period - Tim Connolly wins face-off versus Jason Spezza in Red Wings zone.
11:23 of 2nd period - Snap shot by Sean Bergenheim.
11:23 of 2nd period - Stopped by Ryan Miller with a rebound.
11:39 of 2nd period - Slapshot by Oskar Osala.
11:39 of 2nd period - Goal by Oskar Osala - Sharks : 2 - Red Wings : 1.
11:40 of 2nd period - Milan Michalek wins face-off versus Tim Connolly in neutral zone.
12:27 of 2nd period - Slapshot by Andrej Sekera.
12:27 of 2nd period - Stopped by James Reimer with a rebound.
12:29 of 2nd period - Wrist shot by Darren Helm.
12:29 of 2nd period - Goal by Darren Helm - Sharks : 3 - Red Wings : 1.
12:30 of 2nd period - Tim Connolly wins face-off versus Maxim Afinogenov in neutral zone.
12:39 of 2nd period - Wrist shot by Jason Spezza.
12:39 of 2nd period - Stopped by James Reimer without a rebound.
12:40 of 2nd period - Tim Connolly wins face-off versus Jason Spezza in Red Wings zone.
12:45 of 2nd period - Ole-Kristian Tollefsen is hit by Drew Doughty and loses puck.
12:50 of 2nd period - Slapshot by Jason Spezza.
12:50 of 2nd period - Deflect By Milan Michalek.
12:50 of 2nd period - Stopped by James Reimer without a rebound.
12:51 of 2nd period - Jason Spezza wins face-off versus Tim Connolly in Red Wings zone.
12:57 of 2nd period - Icing by Philip Samuelsson.
12:58 of 2nd period - Milan Michalek wins face-off versus Tim Connolly in Red Wings zone.
13:11 of 2nd period - Tyler Toffoli is hit by Milan Michalek and loses puck.
13:51 of 2nd period - Minor Penalty to Maxim Afinogenov for Interference.
13:52 of 2nd period - Tyler Seguin wins face-off versus T.J. Hensick in Sharks zone.
14:46 of 2nd period - Wrist shot by Jordan LaVallee.
14:46 of 2nd period - Shot Blocked by Ole-Kristian Tollefsen.
15:51 of 2nd period - Penalty to Maxim Afinogenov is over, Maxim Afinogenov is back on ice.
16:20 of 2nd period - Slapshot by Adam Larsson.
16:20 of 2nd period - Shot Blocked by Anton Volchenkov.
17:15 of 2nd period - Ales Hemsky is hit by Jiri Tlusty.
17:21 of 2nd period - Jiri Tlusty is hit by Adam Henrique and loses puck.
18:14 of 2nd period - Wrist shot by Zach Boychuk.
18:14 of 2nd period - Shot Blocked by Ole-Kristian Tollefsen.
18:49 of 2nd period - Snap shot by Stefan Ruzicka.
18:49 of 2nd period - Goal by Stefan Ruzicka - Sharks : 4 - Red Wings : 1.
18:50 of 2nd period - Tim Connolly wins face-off versus Jason Spezza in neutral zone.
19:41 of 2nd period - Philip Samuelsson is hit by Zach Boychuk.
19:45 of 2nd period - Wrist shot by Jiri Tlusty.
19:45 of 2nd period - Shot Misses the Net.
19:47 of 2nd period - Slapshot by Andrej Sekera.
19:47 of 2nd period - Stopped by James Reimer with a rebound.
19:49 of 2nd period - Snap shot by Zach Boychuk.
19:49 of 2nd period - Deflect By Jiri Tlusty.
19:49 of 2nd period - Shot Blocked by Ole-Kristian Tollefsen.
19:49 of 2nd period - Puck is out of play.
19:50 of 2nd period - Jason Spezza wins face-off versus Tyler Seguin in Red Wings zone.
Goals for this period are 3 for Sharks vs 0 for Red Wings.
Shots for this period are 15 for Sharks vs 1 for Red Wings.

3rd period


0:01 of 3rd period - Jason Spezza wins face-off versus Tyler Seguin in neutral zone.
0:49 of 3rd period - Snap shot by Jiri Tlusty.
0:49 of 3rd period - Shot Misses the Net.
2:29 of 3rd period - Wrist shot by Stefan Ruzicka.
2:29 of 3rd period - Shot Misses the Net.
2:31 of 3rd period - Slapshot by Adam Larsson.
2:31 of 3rd period - Stopped by James Reimer with a rebound.
2:33 of 3rd period - Slapshot by Brendon Nash.
2:33 of 3rd period - Deflect By Jordan LaVallee.
2:33 of 3rd period - Shot Misses the Net.
2:33 of 3rd period - Puck is out of play.
2:34 of 3rd period - Tim Connolly wins face-off versus T.J. Hensick in Red Wings zone.
2:53 of 3rd period - Sean Bergenheim is hit by Drew Doughty and loses puck.
3:06 of 3rd period - Snap shot by Adam Henrique.
3:06 of 3rd period - Stopped by Ryan Miller without a rebound.
3:07 of 3rd period - Jason Spezza wins face-off versus Tyler Seguin in Sharks zone.
3:14 of 3rd period - Philip Samuelsson is hit by Milan Michalek and loses puck.
3:55 of 3rd period - Snap shot by Tim Connolly.
3:55 of 3rd period - Goal by Tim Connolly - Sharks : 4 - Red Wings : 2.
3:56 of 3rd period - Tyler Seguin wins face-off versus Jason Spezza in neutral zone.
4:02 of 3rd period - Minor Penalty to Jason Spezza for Holding.
4:03 of 3rd period - Tyler Seguin wins face-off versus Stefan Ruzicka in Sharks zone.
6:02 of 3rd period - Penalty to Jason Spezza is over, Jason Spezza is back on ice.
6:19 of 3rd period - Minor Penalty to Bobby Butler for Hooking.
6:20 of 3rd period - Jason Spezza wins face-off versus Tyler Seguin in Sharks zone.
6:37 of 3rd period - Minor Penalty to Jason Spezza for Hooking.
6:38 of 3rd period - Rob Schremp wins face-off versus Tyler Seguin in Sharks zone.
6:38 of 3rd period - Rob Schremp is hit by Ales Hemsky.
7:14 of 3rd period - Snap shot by Tim Connolly.
7:14 of 3rd period - Goal by Tim Connolly - Sharks : 4 - Red Wings : 3.
7:15 of 3rd period - Tyler Seguin wins face-off versus Stefan Ruzicka in neutral zone.
7:18 of 3rd period - Slapshot by Ole-Kristian Tollefsen.
7:18 of 3rd period - Deflect By Milan Michalek.
7:18 of 3rd period - Stopped by Ryan Miller with a rebound.
7:20 of 3rd period - Wrist shot by Adam Henrique.
7:20 of 3rd period - Shot Misses the Net.
7:22 of 3rd period - Snap shot by Tyler Seguin.
7:22 of 3rd period - Shot Blocked by Drew Doughty.
7:26 of 3rd period - Snap shot by Adam Henrique.
7:26 of 3rd period - Shot Misses the Net.
7:28 of 3rd period - Snap shot by Philip Samuelsson.
7:28 of 3rd period - Stopped by Ryan Miller without a rebound.
7:29 of 3rd period - Stefan Ruzicka wins face-off versus Adam Henrique in Sharks zone.
7:38 of 3rd period - Snap shot by Philip Samuelsson.
7:38 of 3rd period - Shot Misses the Net.
7:40 of 3rd period - Snap shot by Tyler Seguin.
7:40 of 3rd period - Shot Misses the Net.
7:44 of 3rd period - Snap shot by Adam Henrique.
7:44 of 3rd period - Shot Misses the Net.
8:02 of 3rd period - Milan Michalek is hit by Ole-Kristian Tollefsen and loses puck.
8:37 of 3rd period - Penalty to Jason Spezza is over, Jason Spezza is back on ice.
8:37 of 3rd period - Wrist shot by Stefan Ruzicka.
8:37 of 3rd period - Stopped by James Reimer with a rebound.
8:39 of 3rd period - Snap shot by Stefan Ruzicka.
8:39 of 3rd period - Deflect By Tyler Seguin.
8:39 of 3rd period - Stopped by James Reimer without a rebound.
8:40 of 3rd period - Chris Kelly wins face-off versus T.J. Hensick in Red Wings zone.
8:40 of 3rd period - Chris Kelly is hit by Bobby Butler.
9:26 of 3rd period - Jiri Fischer is hit by Zach Boychuk and loses puck.
9:39 of 3rd period - Snap shot by Sean Bergenheim.
9:39 of 3rd period - Shot Misses the Net.
9:41 of 3rd period - Snap shot by Tim Connolly.
9:41 of 3rd period - Shot Blocked by Zach Boychuk.
9:43 of 3rd period - Slapshot by Anton Volchenkov.
9:43 of 3rd period - Deflect By Sean Bergenheim.
9:43 of 3rd period - Shot Blocked by Zach Boychuk.
9:43 of 3rd period - Puck is out of play.
9:44 of 3rd period - Tyler Seguin wins face-off versus Jason Spezza in Sharks zone.
10:48 of 3rd period - Snap shot by Drew Doughty.
10:48 of 3rd period - Shot Blocked by Ryan O'Byrne.
11:04 of 3rd period - Bobby Butler is hit by Brent Seabrook and loses puck.
11:09 of 3rd period - Wrist shot by Adam Henrique.
11:09 of 3rd period - Shot Misses the Net.
11:11 of 3rd period - Snap shot by Adam Henrique.
11:11 of 3rd period - Stopped by Ryan Miller without a rebound.
11:12 of 3rd period - T.J. Hensick wins face-off versus Tyler Seguin in Sharks zone.
11:37 of 3rd period - Sean Bergenheim is hit by Jiri Tlusty and loses puck.
11:46 of 3rd period - Wrist shot by Tim Connolly.
11:46 of 3rd period - Shot Misses the Net.
11:48 of 3rd period - Backhand shot by Anton Volchenkov.
11:48 of 3rd period - Shot Blocked by Darren Helm.
12:19 of 3rd period - Slapshot by Anton Volchenkov.
12:19 of 3rd period - Deflect By Drew Doughty.
12:19 of 3rd period - Stopped by Ryan Miller without a rebound.
12:20 of 3rd period - Oskar Osala wins face-off versus Tyler Seguin in Sharks zone.
12:50 of 3rd period - Wrist shot by Zach Boychuk.
12:50 of 3rd period - Deflect By Darren Helm.
12:50 of 3rd period - Shot Misses the Net.
12:50 of 3rd period - Puck is out of play.
12:51 of 3rd period - Tim Connolly wins face-off versus Darren Helm in Red Wings zone.
13:38 of 3rd period - Minor Penalty to T.J. Hensick for Hooking.
13:39 of 3rd period - Jason Spezza wins face-off versus Adam Henrique in Sharks zone.
14:09 of 3rd period - Slapshot by Ole-Kristian Tollefsen.
14:09 of 3rd period - Shot Misses the Net.
14:11 of 3rd period - Wrist shot by Tyler Toffoli.
14:11 of 3rd period - Goal by Tyler Toffoli - Sharks : 4 - Red Wings : 4.
14:12 of 3rd period - Ales Hemsky wins face-off versus Jason Spezza in neutral zone.
14:15 of 3rd period - Maxim Afinogenov is hit by Adam Henrique and loses puck.
14:24 of 3rd period - Wrist shot by Maxim Afinogenov.
14:24 of 3rd period - Stopped by James Reimer with a rebound.
15:27 of 3rd period - Ben Lovejoy is hit by Tyler Toffoli and loses puck.
15:32 of 3rd period - Slapshot by Sean Bergenheim.
15:32 of 3rd period - Shot Misses the Net.
15:34 of 3rd period - Wrist shot by Sean Bergenheim.
15:34 of 3rd period - Shot Misses the Net.
15:36 of 3rd period - Snap shot by Tyler Toffoli.
15:36 of 3rd period - Deflect By Tim Connolly.
15:36 of 3rd period - Stopped by Ryan Miller without a rebound.
15:37 of 3rd period - Chris Kelly wins face-off versus Zach Boychuk in Sharks zone.
15:48 of 3rd period - Slapshot by Jiri Tlusty.
15:48 of 3rd period - Deflect By Zach Boychuk.
15:48 of 3rd period - Goal by Zach Boychuk - Sharks : 5 - Red Wings : 4.
15:49 of 3rd period - Sean Bergenheim wins face-off versus Darren Helm in neutral zone.
16:41 of 3rd period - Snap shot by Adam Henrique.
16:41 of 3rd period - Shot Misses the Net.
16:43 of 3rd period - Snap shot by Ryan O'Byrne.
16:43 of 3rd period - Shot Blocked by Andrej Sekera.
16:45 of 3rd period - Backhand shot by Ryan O'Byrne.
16:45 of 3rd period - Stopped by Ryan Miller with a rebound.
16:47 of 3rd period - Snap shot by Adam Henrique.
16:47 of 3rd period - Shot Misses the Net.
17:35 of 3rd period - Michael Haley is hit by Jason Spezza and loses puck.
18:36 of 3rd period - Minor Penalty to Jordan LaVallee for Hooking.
18:37 of 3rd period - Jason Spezza wins face-off versus Tim Connolly in Sharks zone.
18:38 of 3rd period - Red Wings, James Reimer is pulled from the net.
18:44 of 3rd period - Snap shot by Tim Connolly.
18:44 of 3rd period - Goal by Tim Connolly - Sharks : 5 - Red Wings : 5.
18:44 of 3rd period - James Reimer from Red Wings was sent back in the game.
18:45 of 3rd period - Chris Kelly wins face-off versus Darren Helm in neutral zone.
18:52 of 3rd period - Snap shot by Oleg Saprykin.
18:52 of 3rd period - Shot Blocked by Drew Doughty.
18:58 of 3rd period - Wrist shot by Zach Boychuk.
18:58 of 3rd period - Stopped by James Reimer without a rebound.
18:59 of 3rd period - Chris Kelly wins face-off versus Rob Schremp in Red Wings zone.
19:01 of 3rd period - Icing by Brent Seabrook.
19:02 of 3rd period - Rob Schremp wins face-off versus Chris Kelly in Red Wings zone.
19:05 of 3rd period - Snap shot by Rob Schremp.
19:05 of 3rd period - Stopped by James Reimer without a rebound.
19:06 of 3rd period - Rob Schremp wins face-off versus Chris Kelly in Red Wings zone.
Goals for this period are 1 for Sharks vs 4 for Red Wings.
Shots for this period are 7 for Sharks vs 11 for Red Wings.

Overtime #1


0:01 of 1st overtime period - Jason Spezza wins face-off versus Tyler Seguin in neutral zone.
0:12 of 1st overtime period - Wrist shot by Jason Spezza.
0:12 of 1st overtime period - Shot Misses the Net.
1:03 of 1st overtime period - Philip Samuelsson is hit by Andrej Sekera and loses puck.
1:20 of 1st overtime period - Rob Schremp is hit by Ryan O'Byrne and loses puck.
2:12 of 1st overtime period - Philip Samuelsson is hit by Drew Doughty.
2:29 of 1st overtime period - Drew Doughty is hit by Ryan O'Byrne and loses puck.
2:34 of 1st overtime period - Snap shot by Tim Connolly.
2:34 of 1st overtime period - Shot Misses the Net.
Goals for this period are 0 for Sharks vs 0 for Red Wings.
Shots for this period are 0 for Sharks vs 0 for Red Wings.

ShootOut


5:00 of 1st overtime period - Round #1.
5:00 of 1st overtime period - Sharks, Jason Spezza.
5:00 of 1st overtime period - Snap shot by Jason Spezza.
5:00 of 1st overtime period - Shot Misses the Net.
5:00 of 1st overtime period - Red Wings, Carson Mcmillan.
5:00 of 1st overtime period - Deke by Carson Mcmillan.
5:00 of 1st overtime period - Stopped by Ryan Miller.
5:00 of 1st overtime period - Round #2.
5:00 of 1st overtime period - Sharks, Rob Schremp.
5:00 of 1st overtime period - Wrist shot by Rob Schremp.
5:00 of 1st overtime period - Stopped by James Reimer.
5:00 of 1st overtime period - Red Wings, Tyler Seguin.
5:00 of 1st overtime period - Snap shot by Tyler Seguin.
5:00 of 1st overtime period - Goal by Tyler Seguin.
5:00 of 1st overtime period - Round #3.
5:00 of 1st overtime period - Sharks, Oskar Osala.
5:00 of 1st overtime period - Wrist shot by Oskar Osala.
5:00 of 1st overtime period - Goal by Oskar Osala.
5:00 of 1st overtime period - Red Wings, Tim Connolly.
5:00 of 1st overtime period - Wrist shot by Tim Connolly.
5:00 of 1st overtime period - Stopped by Ryan Miller.
5:00 of 1st overtime period - Round #4.
5:00 of 1st overtime period - Sharks, Milan Michalek.
5:00 of 1st overtime period - Snap shot by Milan Michalek.
5:00 of 1st overtime period - Stopped by James Reimer.
5:00 of 1st overtime period - Red Wings, Sean Bergenheim.
5:00 of 1st overtime period - Snap shot by Sean Bergenheim.
5:00 of 1st overtime period - Stopped by Ryan Miller.
5:00 of 1st overtime period - Round #5.
5:00 of 1st overtime period - Sharks, T.J. Hensick.
5:00 of 1st overtime period - Deke by T.J. Hensick.
5:00 of 1st overtime period - Shot Misses the Net.
5:00 of 1st overtime period - Red Wings, Ales Hemsky.
5:00 of 1st overtime period - Deke by Ales Hemsky.
5:00 of 1st overtime period - Goal by Ales Hemsky.